 Dungeon Crawl Stone Soup version 0.29.1-12-g30fa7ad0bf (webtiles) character file.

Game seed: 13573089371145595872

509 wormed the Ruffian (level 6, -5/59 HPs)
             Began as a Troll Gladiator on Dec 23, 2022.
             Was an Initiate of Ru.
             Slain by Duvessa
             ... wielding a +0 short sword
              (8 damage)
             ... on level 4 of the Dungeon.
             The game lasted 00:04:21 (2876 turns).

wormed the Ruffian (Troll Gladiator)                Turns: 2876, Time: 00:04:22

Health: -5/59      AC:  5    Str: 25    XL:     6   Next: 98%
Magic:  5/5        EV: 10    Int:  4    God:    Ru [......]
Gold:   185        SH:  0    Dex: 11    Spells: 5/5 levels left

rFire   . . .      SeeInvis .     - Unarmed
rCold   . . .      Faith    .   (no shield)
rNeg    . . .      Spirit   .   A - +1 robe {Will+}
rPois   .          Reflect  .   b - +0 hat
rElec   .          Harm     .   (no cloak)
rCorr   .          Rampage  .   (gloves unavailable)
Will    +....                   (boots unavailable)
Stlth   +.........              k - amulet of regeneration
HPRegen 1.79/turn               (no ring)
MPRegen 0.09/turn               (no ring)

@: no status effects
A: large, unfitting armour, claws 3, regeneration 1, shaggy fur 1, tough skin 1
a: Renounce Religion


You were on level 4 of the Dungeon.
You worshipped Ru.
Ru was noncommittal.
You visited 2 branches of the dungeon, and saw 5 of its levels.

You collected 185 gold pieces.

Inventory:

Missiles
 d - a large rock (quivered)
Armour
 a - a +0 robe
 b - a +0 hat (worn)
 A - a +1 robe of willpower (worn)
Jewellery
 k - an amulet of regeneration (around neck)
 p - a ring of willpower
 s - a ring of see invisible
Scrolls
 e - a scroll of silence {unknown}
 f - 3 scrolls of teleportation {unknown}
 h - 5 scrolls of fog {unknown}
 j - 3 scrolls of acquirement {unknown}
 l - 3 scrolls of enchant armour {unknown}
 m - a scroll of summoning {unknown}
 o - a scroll of noise {unknown}
 r - 3 scrolls of identify {unknown}
 t - a scroll of vulnerability {unknown}
 v - a scroll of immolation {unknown}
 y - a scroll of fear {unknown}
Potions
 g - 2 potions of curing {unknown}
 i - a potion of resistance {unknown}
 n - a potion of mutation {unknown}
 q - a potion of invisibility {unknown}
 u - a potion of ambrosia {unknown}
 w - 2 potions of heal wounds {unknown}
 x - a potion of flight {unknown}
 z - a potion of brilliance {unknown}


   Skills:
 + Level 2.9 Fighting
 + Level 3.2 Throwing
 + Level 2.1 Armour
 + Level 3.4 Dodging
 * Level 5.1 Unarmed Combat


You had 5 spell levels left.
You didn't know any spells.
Your spell library contained the following spells:

 Spells                   Type           Power      Damage    Failure   Level
 Apportation              Tloc           0%         N/A       50%         1
 Magic Dart               Conj           0%         1d3       50%         1
 Necrotise                Necr           0%         1d4       50%         1
 Sandblast                Erth           0%         2d4       50%         1
 Summon Small Mammal      Summ           0%         N/A       50%         1
 Passwall                 Tmut/Erth      0%         N/A       65%         2
 Searing Ray              Conj           0%         2d4       65%         2
 Stone Arrow              Conj/Erth      0%         3d7       86%         3
 Fulminant Prism          Conj/Hex       0%         3d6       99%         4


Dungeon Overview and Level Annotations

Branches:
Dungeon (4/15)             Temple (1/1) D:4

Altars:
Elyvilon
Kikubaaqudgha
Makhleb
Ru
Trog
Xom
Zin
The Shining One

Shops:
D:3 =

Annotations:
D:4 Duvessa


Innate Abilities, Weirdness & Mutations

You are too large for most types of armour.
You have claws for hands.
Your natural rate of healing is unusually fast.
You are covered in fur. (AC +1)
You have tough skin. (AC +1)


Message History

The net rips apart, and Duvessa comes free!
Duvessa is no longer moving quickly.
Duvessa rages.
Throw: 2 throwing nets
Press: ? - help, Q - select action, (/) - cycle Shift-Dir - straight line, f/p - Duvessa
Aim: Duvessa, wielding a +0 short sword and wearing a +0 leather armour (moderately wounded, berserk, 61% to hit)
You throw a throwing net.
The throwing net closely misses Duvessa.
Duvessa closely misses you.
Throw: throwing net
Press: ? - help, Q - select action, (/) - cycle Shift-Dir - straight line, f/p - Duvessa
Aim: Duvessa, wielding a +0 short sword and wearing a +0 leather armour (moderately wounded, berserk, 61% to hit)
You throw a throwing net. The throwing net hits Duvessa.
Duvessa is caught in the net!
Duvessa is moderately wounded.
Duvessa struggles against the net.
Duvessa struggles against the net. x2
Duvessa struggles against the net.
The net rips apart, and Duvessa comes free!
Things that are here:
a +4 dagger of venom; the elf corpse of Dowan Duvessa rages.
You claw Duvessa!
Duvessa is heavily wounded.
Duvessa hits you with a +0 short sword!
You claw Duvessa!
Duvessa is severely wounded.
Duvessa hits you with a +0 short sword. Duvessa closely misses you.
You scratch Duvessa but do no damage.
Duvessa is severely wounded.
Duvessa hits you with a +0 short sword.
* * * LOW HITPOINT WARNING * * *
You claw Duvessa!
Duvessa is almost dead.
Duvessa hits you with a +0 short sword!
* * * LOW HITPOINT WARNING * * *
You scratch Duvessa but do no damage.
Duvessa is almost dead.
Duvessa hits you with a +0 short sword!
You die...

........## #....# .........#
#....## .........# ##.....##
.........# #..|....## .........#
##........## .........#
#..........## .........#
##...........##
.........#####........#....### #
....(........).e@............####
#.......#####....................
##.....## ##.......#####.....##
##..### ##..##### #......# ####
#..# #....... #..# #....... ##.#
##....... #.# #........ #.#
#........


You could see Duvessa (berserk).

Vanquished Creatures
  An orc warrior (D:4)
  A necrophage (D:4)
  2 scorpions (D:4)
  Dowan (D:4)
  A hound (D:4)
  An orc priest (D:4)
  An orc wizard (D:3)
  4 adders
  A worm (D:3)
  6 dart slugs
  5 orcs
  4 bats
  5 endoplasms
  2 giant cockroaches (D:1)
  2 hobgoblins (D:2)
  4 jackals (D:3)
  4 quokkas
  4 ball pythons
  2 frilled lizards (D:2)
  4 goblins
  3 kobolds
  A rat (D:2)
59 creatures vanquished.

Notes
Turn   | Place    | Note
-------+----------+-------------------------------------------
     0 | D:1      | wormed the Troll Gladiator began the quest for the Orb.
     0 | D:1      | Reached XP level 1. HP: 19/19 MP: 0/0
    32 | D:1      | Found a faded altar of an unknown god.
   244 | D:1      | Reached XP level 2. HP: 27/28 MP: 1/1
   675 | D:2      | Reached XP level 3. HP: 34/35 MP: 2/2
  1185 | D:3      | Found Piuco's Jewellery Shoppe.
  1340 | D:3      | Reached skill level 1 in Armour
  1340 | D:3      | Reached XP level 4. HP: 34/42 MP: 3/3
  1647 | D:3      | Reached skill level 4 in Unarmed Combat
  1832 | D:4      | Noticed a scorpion
  1844 | D:4      | Killed a scorpion
  1845 | D:4      | Reached XP level 5. HP: 36/49 MP: 4/4
  1861 | D:4      | Found a staircase to the Ecumenical Temple.
  1861 | D:4      | Noticed Dowan
  1862 | D:4      | Noticed Duvessa
  2013 | D:4      | Noticed an orc warrior
  2026 | D:4      | Reached XP level 6. HP: 40/59 MP: 5/5
  2047 | D:4      | Killed an orc warrior
  2176 | Temple   | Entered the Ecumenical Temple
  2189 | Temple   | Became a worshipper of Ru the Awakened
  2204 | D:4      | Reached skill level 5 in Unarmed Combat
  2837 | D:4      | Killed Dowan
  2875 | D:4      | HP: 1/59 [Duvessa/+0 short sword (17)]
  2876 | D:4      | Slain by Duvessa

Illustrated notes

Levels and vault maps discovered:
D:1:      psy_arrival_spokes, layout_loops_ring,
          ebering_ecumenical_altar_abandoned
D:2:      layout_basic
D:3:      layout_loops_ring, serial_shops, shop, minmay_misc_feat_room
D:4:      layout_cave_pods, minmay_temple_entry_junction, uniq_duvessa
Temple:   nicolae_temple_bog_church

Skill      XL: |  1  2  3  4  5  6 |
---------------+-------------------+-----
Throwing       | 2 3 |  3.2
Fighting       | 2 |  2.9
Armour         | 1 2 |  2.1
Unarmed Combat | 4 5 |  5.1
Dodging        | 3 |  3.4

Action                   |  1- 3 |  4- 6 || total
-------------------------+-------+-------++-------
Melee: Unarmed           |    96 |    85 ||   181
       Punch             |     4 |     1 ||     5
Throw: Throwing net      |       |     3 ||     3
 Stab: Sleeping          |     2 |       ||     2
Armor: Robe              |    35 |    26 ||    61
Dodge: Dodged            |    41 |    43 ||    84
